 Dungeon Crawl Stone Soup version 0.25-a0-265-g7af84ae0ac (webtiles) character file.

Game seed: 17742827690738222730, levelgen mode: deterministic

58 MoonlitKnight the Slasher (level 3, 29/33 HPs)
             Began as a Draconian Berserker on Dec 8, 2019.
             Was a Follower of Trog.
             Quit the game on level 2 of the Dungeon.
             The game lasted 00:03:13 (1499 turns).

MoonlitKnight the Slasher (Draconian Berserker)     Turns: 1499, Time: 00:03:13

Health: 29/33      AC:  5    Str: 19    XL:     3   Next: 75%
Magic:  3/3        EV: 13    Int:  8    God:    Trog [*.....]
Gold:   90         SH:  0    Dex: 10    Spells: 2/2 levels left

rFire    . . .     SeeInvis .   a - +0 falchion
rCold    . . .     Gourm    .   (no shield)
rNeg     . . .     Faith    .   (armour unavailable)
rPois    .         Spirit   .   (helmet restricted)
rElec    .         Reflect  .   (no cloak)
rCorr    .         Harm     .   (no gloves)
MR       .....                  (no boots)
Stlth    +.........             (no amulet)
HPRegen  0.11/turn              (no ring)
MPRegen  0.08/turn              (no ring)

@: no status effects
A: unfitting armour, cold-blooded, AC +5
a: Berserk, Renounce Religion


You were on level 2 of the Dungeon.
You worshipped Trog.
Trog was aware of your devotion.
You were not hungry.

You visited 1 branch of the dungeon, and saw 2 of its levels.

You collected 90 gold pieces.

Inventory:

Hand Weapons
 a - a +0 falchion (weapon)
 b - a +0 hunting sling
Scrolls
 e - a scroll of random uselessness {unknown}
 h - a scroll of identify {unknown}
Potions
 d - 2 potions of heal wounds {unknown}
 g - a potion of invisibility {unknown}
Comestibles
 f - 4 rations


   Skills:
 + Level 3.8 Fighting
 * Level 4.0 Long Blades
 + Level 3.1 Dodging


You had 2 spell levels left.
You didn't know any spells.
Your spell library was empty.

Dungeon Overview and Level Annotations

Branches:
Dungeon (2/15)

Altars:
Elyvilon
Makhleb


Innate Abilities, Weirdness & Mutations

Your plain brown scales are hard. (AC +5)
You cannot fit into any form of body armour.
You are cold-blooded and may be slowed by cold attacks.


Message History

Your Long Blades skill increases to level 4!
You have reached level 3!
Your experience leads to an increase in your attributes!
Increase (S)trength, (I)ntelligence, or (D)exterity?
You feel clever.
Your scales feel tougher.
You see here a hound corpse.
You butcher the hound corpse.
c - a chunk of flesh You see here a hound skeleton.
Eating a chunk of flesh.
You eat the chunk of flesh.
This raw flesh tastes terrible.
There is a burning altar of Makhleb here.
You see here a hound skeleton.
There is an open door here.
There is an open door here.
You now have 90 gold pieces (gained 5).
A quokka comes into view.
Quiver which item? (- for none, * to show all) (? for menu, Esc to quit)
Okay, then.
Are you sure you want to abandon this character and quit the game? (Confirm with "yes".)

#.##......##......##
#.##.#######.#'##.#
#.##.........#.##.#
#.############.##.#
#.#..........#.##.#
#.#.########.#.##.# #.#
#.#.##.# #.# #.#.#####
#@# #.#.# #.. ...r....#
#.#.###.÷
################.#.##∩_.
........#.###..
..........##..#
###############


You could see a quokka.

Vanquished Creatures
  A hound (D:2)
  An adder (D:2)
  4 bats (D:1)
  3 goblins (D:1)
  3 hobgoblins (D:1)
  A kobold (D:1)
  A ball python (D:1)
  3 frilled lizards
  3 rats (D:1)
20 creatures vanquished.

Notes
Turn   | Place    | Note
-------+----------+-------------------------------------------
     0 | D:1      | MoonlitKnight the Draconian Berserker began the quest for
                  | the Orb.
     0 | D:1      | Reached XP level 1. HP: 19/19 MP: 1/1
   224 | D:1      | Reached XP level 2. HP: 24/26 MP: 2/2
  1109 | D:2      | Found a white marble altar of Elyvilon.
  1425 | D:2      | Found a burning altar of Makhleb.
  1434 | D:2      | Reached skill level 4 in Long Blades
  1434 | D:2      | Reached XP level 3. HP: 21/33 MP: 3/3
  1499 | D:2      | Quit the game

Levels and vault maps discovered:
D:1:      dpeg_arrival_another_circle, layout_loops_corners
D:2:      layout_basic, makhleb_heckhound_becter, dk_vineyard_3,
          elyvilon_altar_1

Skill      XL: |  1  2 |
---------------+-------+-----
Dodging        | 3 |  3.1
Long Blades    | 4 |  4.0
Fighting       | |  3.8

Action                   || total
-------------------------++-------
Melee: Falchion          ||    51
       Tailslap          ||     7
 Stab: Sleeping          ||     1
  Eat: Chunk             ||     2
Armor: Skin              ||    18
Dodge: Dodged            ||    46
       Rpst.: Falchion   ||    14

Table legend:
 A = Non-vault XP
 B = Vault XP
 C = Vault XP percentage of total XP
 D = Non-vault monster count
 E = Vault monster count
 F = Vault count percentage of total count
                 A         B        C        D         E       F
            +---------+---------+-------+---------+---------+-------
      Total |      40 |      43 |  51.8 |      19 |       1 |   5.0
            +---------+---------+-------+---------+---------+-------
        D:1 |      26 |       0 |   0.0 |      17 |       0 |   0.0
        D:2 |      14 |      43 |  75.4 |       2 |       1 |  33.3
            +---------+---------+-------+---------+---------+-------
